 Dungeon Crawl Stone Soup version 0.27.0-1-g7a089689b8 (webtiles) character file.

Game seed: 382767083327337001

2137 sanka the Nimble (level 9, -2/70 HPs)
             Began as a Djinni Wanderer on Aug 2, 2021.
             Slain by a black bear (4 damage)
             ... on level 6 of the Dungeon.
             The game lasted 00:14:42 (7864 turns).

sanka the Nimble (Djinni Wanderer)                  Turns: 7864, Time: 00:14:43

Health: -2/70      AC:  2    Str:  9    XL:     9   Next: 55%
Gold:   308        EV: 14    Int: 21    God:
                   SH:  0    Dex: 11

rFire    + + .     SeeInvis .   q - +2 hand axe (elec)
rCold    x . .     Faith    +   (no shield)
rNeg     . . .     Spirit   .   b - +0 robe
rPois    ∞         Reflect  .   (no helmet)
rElec    .         Harm     .   (no cloak)
rCorr    +         Rampage  .   (no gloves)
Will     .....                  (boots unavailable)
Stlth    +.........             y - amulet of faith
HPRegen  0.21/turn              (no ring)
MPRegen  0.00/turn              z - ring of resist corrosion

@: flying, very slightly contaminated
A: sickness immunity, fire resistance 2, cold vulnerability 1, float, innate
caster, hp casting, extra vitality 1
a: no special abilities


You were on level 6 of the Dungeon.
You visited 1 branch of the dungeon, and saw 6 of its levels.

You collected 308 gold pieces.


Innate Abilities, Weirdness & Mutations

You are immune to sickness and miasma.
You are immune to poison.
Your flesh is very heat resistant. (rF++)
You are vulnerable to cold. (rC-)
You float through the air rather than walking.
You learn spells naturally, not from books.
Your magical power is your life essence.
You have superior vitality. (+4 HP)


   Skills:
 - Level 8.0 Fighting
 - Level 1.7 Short Blades
 - Level 8.0 Dodging
 - Level 1.0 Stealth
 + Level 5.0 Spellcasting
 - Level 1.0 Evocations


You couldn't memorise any spells.
You knew the following spells:

 Your Spells              Type           Power      Damage    Failure   Level
b - Blink                 Tloc           N/A        N/A       1%          2
c - Slow                  Hex            26%        N/A       1%          2
u - Tukima's Dance        Hex            26%        N/A       4%          3
v - Vampiric Draining     Necr           13%        2d7       4%          3
x - Call Imp              Summ           26%        N/A       1%          2
y - Foxfire               Conj/Fire      100%       2x1d9     1%          1
z - Magic Dart            Conj           100%       1d8       1%          1
C - Mephitic Cloud        Conj/Pois/Air  26%        N/A       4%          3
N - Passwall              Tmut/Erth      21%        N/A       1%          2
Z - Conjure Flame         Conj/Fire      26%        6-21      4%          3

Your spell library contained the following spells:

 Spells                   Type           Power      Damage    Failure   Level


Inventory:

Hand Weapons
 a - a +0 dagger
 i - a +0 spear
 k - a +0 long sword
 q - a +2 hand axe of electrocution (weapon)
 x - the +6 hand axe of Xaupau {pain, +Rage rElec} In the hands of one skilled in necromantic magic, it inflicts extra damage on living creatures. rElec: It insulates you from electricity. +Rage: It lets you go berserk.
Missiles
 j - 2 throwing nets {=f}
Armour
 b - a +0 robe (worn)
Magical Staves
 w - a staff of poison
Jewellery
 y - an amulet of faith (around neck)
 z - a ring of resist corrosion (right hand)
Scrolls
 e - a scroll of magic mapping {unknown}
 f - a scroll of immolation {unknown}
 g - 4 scrolls of identify {unknown}
 l - 2 scrolls of teleportation {unknown}
 n - 2 scrolls of fog {unknown}
 o - a scroll of acquirement {unknown}
 r - a scroll of blinking {unknown}
 t - a scroll of vulnerability {unknown}
 u - a scroll of brand weapon {unknown}
Potions
 c - 2 potions of lignification {!q}
 d - 2 potions of might {unknown}
 h - 3 potions of haste {unknown}
 m - 2 potions of curing {@q1}
 p - 2 potions of resistance {unknown}
 s - 3 potions of brilliance {unknown}
 v - a potion of cancellation {unknown}
 A - a potion of heal wounds {unknown}

Dungeon Overview and Level Annotations

Branches:
Dungeon (6/15)
 Temple: D:4-7

Altars:
Sif Muna

Annotations:
D:6 2 transporters, skAll's ghost, novice HuMo

.........▒ ▒....▒▒▒
.........▒▒▒▒▒ ▒.)...▒.
.............▒▒▒▒▒▒▒▒▒▒.....▒.
.........▒▒...{JO)o..▒▒.....▒.
.......▒....▒▒▒▒▒▒▒▒o...▒.▒.▒.
▒▒.▒▒▒▒▒▒▒J.▒▒ ▒▒▒▒...▒.▒. ▒.▒
▒▒..▒▒ ▒▒......▒.▒o ▒.▒
▒..h▒▒▒▒...▒▒▒...O.. ▒.▒
▒.▒R..▒..▒ ▒▒.▒.o. ▒▒.▒▒
▒.▒▒...[▒ ▒▒▒.o... ▒...▒
▒.▒▒..▒▒▒ ........
▒▒▒...▒▒▒▒▒▒▒.....▒▒▒▒▒.▒▒▒.▒.▒.
▒...............▒.....▒.▒ ▒.▒...
▒.▒▒▒▒▒▒▒▒▒▒▒▒▒.▒▒▒▒▒...▒ ▒.▒▒..
▒.▒©..........▒.▒ ▒....▒▒▒.▒▒..
▒.▒...........▒.▒ ▒▒.▒▒...▒.▒▒..
▒.▒..▒▒▒.▒▒▒..▒.▒ ▒..▒ ▒▒.▒.▒)..


You could see a black bear and a jelly.


Message History

The orc warrior hits you with a +0 flail!
You draw life force from the orc warrior.
You feel life coursing into your body.
* * * LOW HITPOINT WARNING * * *
The orc warrior hits you with a +0 flail!
* * * LOW HITPOINT WARNING * * *
You miscast Vampiric Draining.
Nothing appears to happen.
* * * LOW HITPOINT WARNING * * *
The orc warrior misses you.
The orc priest miscasts a cantrip.
You draw life force from the orc warrior!
You kill the orc warrior!
You feel life coursing into your body.
* * * LOW HITPOINT WARNING * * *
Training target 8.0 for Fighting reached!
Your Fighting skill increases to level 8!
You need to enable at least one skill for training.
Unknown command.
The orc priest calls down the wrath of Beogh upon you.
Beogh smites you!
* * * LOW HITPOINT WARNING * * *
You hear some strange, mumbled words.
Something tries to affect you, but you resist.
There is a stone staircase leading down here.
The black bear barely misses you. The black bear claws you.
* * * LOW HITPOINT WARNING * * *
The black bear claws you.
You die...

Action                   |  1- 3 |  4- 6 |  7- 9 || total
-------------------------+-------+-------+-------++-------
Melee: Hand axe          |       |       |     3 ||     3
 Cast: Magic Dart        |    63 |    26 |     3 ||    92
       Call Imp          |     1 |     3 |     9 ||    13
       Foxfire           |    12 |    60 |   131 ||   203
       Vampiric Draining |       |       |    25 ||    25
       Conjure Flame     |       |       |     3 ||     3
       Tukima's Dance    |       |       |     1 ||     1
Armor: Robe              |     3 |     3 |     3 ||     9
Dodge: Dodged            |     3 |    10 |    31 ||    44

Levels and vault maps discovered:
D:1:      nicolae_arrival_memento_mori, layout_basic, lemuel_flame_loot_1
D:2:      layout_basic, chequers_ecumenical_altar_simple, serial_forest,
          infiniplex_forest_straight_3, infiniplex_forest_end_3,
          infiniplex_forest_clump_long, infiniplex_forest_side_room,
          infiniplex_forest_clump_tiny, infiniplex_forest_clump_curved,
          infiniplex_forest_end_double, infiniplex_forest_lined_room_2,
          infiniplex_forest_clump_curved
D:3:      layout_rooms, minmay_fractal_squares_diagonal_5, uniq_grinder,
          uniq_terence
D:4:      wad_pebble_path, layout_loops_cross
D:5:      layout_basic, kennysheep_orc_sif_temple, hangedman_decor_points
D:6:      layout_rooms, gammafunk_ghost_mausoleum

Notes
Turn   | Place    | Note
-------+----------+-------------------------------------------
     0 | D:1      | sanka the Djinni Wanderer began the quest for the Orb.
     0 | D:1      | Reached XP level 1. HP: 18/18 MP: 0/0
   196 | D:1      | Reached XP level 2. HP: 17/23 MP: 0/0
   511 | D:1      | Reached skill level 3 in Spellcasting
   902 | D:1      | Reached XP level 3. HP: 17/28 MP: 0/0
   902 | D:1      | Learned a level 1 spell: Foxfire
  2432 | D:2      | Reached XP level 4. HP: 30/33 MP: 0/0
  2567 | D:2      | Found a faded altar of an unknown god.
  3365 | D:3      | Noticed Terence
  3389 | D:3      | Killed Terence
  3390 | D:3      | Reached skill level 4 in Spellcasting
  3614 | D:3      | Noticed Grinder
  3634 | D:3      | Killed Grinder
  3635 | D:3      | Reached skill level 5 in Spellcasting
  3635 | D:3      | Reached XP level 5. HP: 10/39 MP: 0/0
  3635 | D:3      | Learned a level 2 spell: Passwall
  3635 | D:3      | Reached XP level 6. HP: 11/45 MP: 0/0
  3871 | D:3      | Reached skill level 2 in Dodging
  4429 | D:4      | Reached skill level 3 in Fighting
  4456 | D:4      | Reached XP level 7. HP: 35/50 MP: 0/0
  4456 | D:4      | Learned a level 3 spell: Vampiric Draining
  4614 | D:4      | Reached skill level 3 in Dodging
  4768 | D:4      | Reached skill level 4 in Fighting
  5019 | D:4      | Reached skill level 4 in Dodging
  5119 | D:4      | Reached XP level 8. HP: 53/58 MP: 0/0
  5535 | D:5      | Entered Level 5 of the Dungeon
  5554 | D:5      | Identified the +6 hand axe of Xaupau {pain, +Rage rElec}
  5859 | D:5      | Reached skill level 5 in Dodging
  5906 | D:5      | Reached skill level 5 in Fighting
  6036 | D:5      | Noticed a wraith
  6066 | D:5      | Killed a wraith
  6522 | D:5      | Noticed a yak
  6522 | D:5      | Noticed a yak
  6527 | D:5      | Noticed a yak
  6538 | D:5      | Killed a yak
  6539 | D:5      | Reached skill level 6 in Dodging
  6544 | D:5      | Noticed a yak
  6573 | D:5      | Killed a yak
  6574 | D:5      | Reached skill level 6 in Fighting
  6931 | D:5      | Killed a yak
  6932 | D:5      | Reached XP level 9. HP: 67/67 MP: 0/0
  6932 | D:5      | Learned a level 3 spell: Tukima's Dance
  6935 | D:5      | Reached skill level 7 in Dodging
  7422 | D:6      | Reached skill level 7 in Fighting
  7497 | D:6      | Found a transporter.
  7498 | D:6      | Noticed skAll's ghost (novice HuMo)
  7624 | D:6      | Found a transporter.
  7814 | D:6      | Reached skill level 8 in Dodging
  7855 | D:6      | Reached skill level 8 in Fighting
  7856 | D:6      | HP: 5/70 [orc priest/divine providence (13)]
  7864 | D:6      | HP: 2/70 [black bear (5)]
  7864 | D:6      | Slain by a black bear

Vanquished Creatures
  Grinder (D:3)
  3 yaks (D:5)
  A water moccasin (D:6)
  2 orc warriors (D:6)
  A necrophage (D:4)
  3 ogres
  2 scorpions (D:6)
  2 jellies (D:4)
  2 hounds (D:5)
  2 orc priests (D:4)
  A bullfrog skeleton (D:5)
  A centaur skeleton (D:5)
  4 orc wizards
  A howler monkey zombie (D:6)
  A howler monkey skeleton (D:6)
  8 adders
  3 white imps
  An adder skeleton (D:5)
  A dart slug (D:3)
  13 orcs
  2 bats
  3 endoplasms
  5 giant cockroaches
  7 hobgoblins
  3 jackals
  8 kobolds
  4 quokkas
  2 ball pythons
  3 frilled lizards
  8 goblins
  4 rats
102 creatures vanquished.

Vanquished Creatures (collateral kills)
  A yak (D:5)
  A wraith (D:5)
  A hound (D:5)
  Terence (D:3)
  A gnoll (D:1)
  3 foxfires (D:2)
8 creatures vanquished.

Vanquished Creatures (others)
  A dancing weapon (D:6)
  A bat (D:1)
  An endoplasm (D:1)
  329 foxfires
  6 plants (D:2)
338 creatures vanquished.

Grand Total: 448 creatures vanquished
